 Dungeon Crawl Stone Soup version 0.23-a0-644-gb60d84b635 (webtiles) character file.

1823 HereIgoKillingAgain the Transmogrifier (level 8, -5/59 HPs)
             Began as a White Draconian Transmuter on Jan 1, 2019.
             Slain by a yak (13 damage)
             ... on level 6 of the Dungeon.
             The game lasted 00:08:54 (7609 turns).

HereIgoKillingAgain the Transmogrifier (DrTm)       Turns: 7609, Time: 00:08:54

Health: -5/59      AC:  6    Str: 13    XL:     8   Next: 85%
Magic:  10/11      EV: 12    Int: 16    God:
Gold:   297        SH:  0    Dex: 11    Spells: 1/11 levels left

rFire    + . .     SeeInvis .     - Unarmed
rCold    + . .     Gourm    .   (no shield)
rNeg     . . .     Faith    .   (armour unavailable)
rPois    +         Spirit   .   (helmet restricted)
rElec    .         Reflect  .   (no cloak)
rCorr    .         Harm     .   (no gloves)
MR       .....                  (no boots)
Stlth    +.........             (no amulet)
HPRegen  0.19/turn              o - ring of protection from fire
MPRegen  0.12/turn              r - ring of poison resistance

@: short of breath, very slightly contaminated, invisible (expiring)
A: breathe frost, unfitting armour, cold resistance 1, cold-blooded, AC +6
a: Breathe Frost


You were on level 6 of the Dungeon.
You were hungry.

You visited 1 branch of the dungeon, and saw 6 of its levels.
You also visited: Ossuary.

You collected 297 gold pieces.

Inventory:

Missiles
 d - 40 arrows
Jewellery
 o - a ring of protection from fire (left hand)
 r - a ring of poison resistance (right hand)
Wands
 q - a wand of iceblast (9)
Scrolls
 e - 2 scrolls of teleportation
 g - 2 scrolls of amnesia
 h - 5 scrolls of remove curse {unknown}
 i - 2 scrolls of blinking
 j - a scroll of fear {unknown}
 k - a scroll of random uselessness {unknown}
 l - 2 scrolls of immolation
 m - a scroll of enchant weapon {unknown}
 n - 2 scrolls of magic mapping
 t - a scroll of vulnerability {unknown}
 u - a scroll of identify
Potions
 a - a potion of brilliance
 b - 4 potions of curing
 f - a potion of flight
 s - a potion of agility {unknown}
Comestibles
 c - 4 rations


   Skills:
 - Level 1.1 Fighting
 - Level 1.7 Dodging
 + Level 7.3 Unarmed Combat
 - Level 2.0 Spellcasting
 * Level 9.6 Transmutations


You had one spell level left.
You knew the following spells:

 Your Spells              Type           Power        Failure   Level  Hunger
a - Blade Hands           Tmut           ####......   11%         5    ######.
b - Sticks to Snakes      Tmut           ####....     1%          2    ###....
c - Spider Form           Tmut/Pois      ###.......   9%          3    ###....

Your spell library contained the following spells:

 Spells                   Type           Power        Failure   Level  Hunger
 Beastly Appendage        Tmut           ####..       1%          1    #......
 Animate Skeleton         Necr           N/A          21%         1    #......
 Apportation              Tloc           #.....       21%         1    #......
 Confusing Touch          Hex            #.....       21%         1    #......
 Corona                   Hex            #......      21%         1    #......
 Magic Dart               Conj           #...         21%         1    #......
 Summon Small Mammal      Summ           #...         21%         1    #......
 Ice Form                 Ice/Tmut       ###.....     28%         4    #####..
 Searing Ray              Conj           #.....       30%         2    ###....
 Slow                     Hex            #.......     30%         2    ###....
 Dazzling Spray           Conj/Hex       #.....       52%         3    ###....
 Inner Flame              Hex/Fire       #.......     52%         3    ###....
 Portal Projectile        Hex/Tloc       #.....       52%         3    ###....
 Cause Fear               Hex            #.........   90%         4    #####..
 Force Lance              Conj/Tloc      #.......     90%         4    #####..
 Fulminant Prism          Conj/Hex       #.........   90%         4    #####..
 Iskenderun's Mystic Bla  Conj           #.......     90%         4    #####..
 Leda's Liquefaction      Hex/Erth       #.........   90%         4    #####..


Dungeon Overview and Level Annotations

Branches:
Dungeon (6/15)
 Temple: D:4-7

Altars:
Dithmenos
Fedhas
Nemelex Xobeh
Vehumet
Wu Jian

Annotations:
D:4 exclusion: oklob plant


Innate Abilities, Weirdness & Mutations

You can breathe waves of freezing cold.
You can buffet flying creatures when you breathe cold.
Your icy white scales are hard. (AC +6)
You cannot fit into any form of body armour.
Your flesh is cold resistant. (rC+)
You are cold-blooded and may be slowed by cold attacks.


Message History

You are very lightly contaminated with residual magic.
Press: ? - help, Shift-Dir - straight line, f - yak
Aim: a yak You exhale a wave of freezing cold.
The freezing breath hits the yak.
The yak is severely wounded.
The freezing breath misses the yak.
You are feeling hungry.
Unknown command.
You slice the yak!!
You kill the yak!
Your hands revert to their normal proportions.
Evoke which item? (* to show all) (? for menu, Esc to quit)
Aiming: Iceblast
Press: ? - help, Shift-Dir - straight line, f/p - yak
Aim: a yak The mass of ice explodes!
The iceblast engulfs the yak.
The yak is moderately wounded.
You flicker for a moment.
The yak gores you!
You die...

#....'†Y..[..>##
#....##########
#>...# ####.# #.#
#.# #.#
#Y#################
#.@................
###################


You could see a yak.

Vanquished Creatures
  Sigmund (D:3)
  2 yaks (D:6)
  An ice beast (D:5)
  A phantom (D:6)
  A centaur (D:5)
  2 bullfrogs
  An elf skeleton (D:4)
  A scorpion (D:5)
  A crimson imp (D:5)
  2 jellies (D:6)
  3 centaur zombies
  A human zombie (D:4)
  A hound (D:4)
  An orc wizard (D:3)
  A bullfrog skeleton (D:5)
  Jessica (D:3)
  An iguana (D:5)
  Terence (D:3)
  Natasha (thrice) (D:4)
  2 human skeletons (D:4)
  A worker ant (D:5)
  A hound zombie (Ossuary)
  A hound skeleton (D:4)
  3 mummies (Ossuary)
  A howler monkey zombie (D:5)
  8 adders
  A river rat (D:4)
  A shadow imp (D:5)
  An ooze (D:2)
  3 adder skeletons
  3 adder zombies (Ossuary)
  3 worms
  2 dart slugs
  6 leopard geckos
  10 orcs
  3 ball pythons
  11 bats
  9 giant cockroaches
  6 goblins
  11 hobgoblins
  4 quokkas
  8 frilled lizards
  2 gnoll zombies (Ossuary)
  3 goblin zombies (Ossuary)
  4 hobgoblin zombies (Ossuary)
  A jackal zombie (Ossuary)
  4 kobolds
  2 kobold zombies (Ossuary)
  2 orc skeletons (D:4)
  2 orc zombies (Ossuary)
  A quokka zombie (Ossuary)
  12 rats
  A rat zombie (Ossuary)
159 creatures vanquished.

Vanquished Creatures (collateral kills)
  A big kobold zombie (Ossuary)
  A hound zombie (Ossuary)
  An adder zombie (Ossuary)
  A worm (D:2)
  A leopard gecko (D:2)
  A giant cockroach (D:2)
  2 gnoll zombies (Ossuary)
  A hobgoblin (D:2)
  A frilled lizard (D:2)
  3 goblin zombies (Ossuary)
  A hobgoblin zombie (Ossuary)
  A kobold (D:2)
  3 kobold zombies (Ossuary)
  An orc zombie (Ossuary)
19 creatures vanquished.

Grand Total: 178 creatures vanquished

Notes
Turn   | Place    | Note
-------+----------+-------------------------------------------
     0 | D:1      | HereIgoKillingAgain the Draconian Transmuter began the
                  | quest for the Orb.
     0 | D:1      | Reached XP level 1. HP: 16/16 MP: 3/3
   315 | D:1      | Reached XP level 2. HP: 9/23 MP: 5/5
   820 | D:1      | Reached skill level 3 in Transmutations
   925 | D:1      | Reached XP level 3. HP: 25/28 MP: 6/6
  1028 | D:1      | Learned a level 2 spell: Sticks to Snakes
  1032 | D:1      | Learned a level 3 spell: Spider Form
  1304 | D:2      | Found a shadowy altar of Dithmenos.
  1575 | D:2      | Reached XP level 4. HP: 28/35 MP: 7/7
  1821 | D:2      | Found a sparkling altar of Nemelex Xobeh.
  2171 | D:2      | Reached skill level 4 in Transmutations
  2517 | D:3      | Noticed Jessica
  2607 | D:3      | Noticed Sigmund
  2621 | D:3      | Killed Sigmund
  2621 | D:3      | Reached skill level 5 in Transmutations
  2621 | D:3      | Reached XP level 5. HP: 20/40 MP: 4/8
  2624 | D:3      | Reached XP level 6. HP: 16/47 MP: 5/9
  3020 | D:3      | Killed Jessica
  3020 | D:3      | Noticed Terence
  3038 | D:3      | Killed Terence
  3563 | D:4      | Reached skill level 6 in Transmutations
  3590 | D:4      | Reached skill level 5 in Unarmed Combat
  3599 | D:4      | Noticed Natasha
  3607 | D:4      | Killed Natasha
  3645 | D:4      | Your scales start taking on an icy white colour.
  3645 | D:4      | Reached XP level 7. HP: 8/52 MP: 6/10
  3645 | D:4      | Gained mutation: Your flesh is cold resistant. (rC+) [White
                  | Draconian growth]
  3652 | D:4      | Found a sand-covered staircase.
  3658 | Ossuary  | Entered an ossuary
  4715 | D:4      | Reached skill level 7 in Transmutations
  5017 | D:4      | Found a radiant altar of Vehumet.
  5086 | D:4      | Noticed Natasha
  5092 | D:4      | Killed Natasha
  5124 | D:4      | Found a blossoming altar of Fedhas.
  5144 | D:4      | Noticed an oklob plant
  5643 | D:4      | Noticed Natasha
  5761 | D:4      | Killed Natasha
  6029 | D:5      | Entered Level 5 of the Dungeon
  6162 | D:5      | Reached XP level 8. HP: 53/59 MP: 11/11
  6171 | D:5      | Learned a level 5 spell: Blade Hands
  6528 | D:5      | Reached skill level 8 in Transmutations
  6618 | D:5      | Found an ornate altar of the Wu Jian Council.
  7430 | D:6      | Reached skill level 9 in Transmutations
  7609 | D:6      | Slain by a yak

Vault maps used:
D:1:      kennysheep_arrival_seaside, minmay_tetromino_s2
D:2:      minmay_diamond_boxcup, nemelex_xobeh_ov_fountains_minmay,
          grunt_dithmenos_smoke
D:3:      uniq_jessica, uniq_terence, uniq_sigmund
D:4:      nicolae_overflow_crystal_walls, nicolae_ossuary_entry_catacombs,
          gup_sewer_entry_spiral, tgw_fedhas, uniq_natasha
D:5:      lemuel_coloured_pillars_altar, first_ration
D:6:      trog_eyes_of_draining
Ossuary:  minmay_ossuary_two_tombs

Skill      XL: |  1  2  3  4  5  6  7  8 |
---------------+-------------------------+-----
Transmutations | 3 5 6 7 9 |  9.6
Unarmed Combat | 4 5 6 7 |  7.3
Fighting       | |  1.1
Dodging        | |  1.7
Spellcasting   | |  2.0

Action                   |  1- 3 |  4- 6 |  7- 9 || total
-------------------------+-------+-------+-------++-------
Melee: Unarmed           |   170 |   239 |   376 ||   785
       Tailslap          |     8 |    15 |    46 ||    69
       Punch             |     1 |     5 |     7 ||    13
       Kick              |     3 |       |     1 ||     4
 Cast: Beastly Appendage |     1 |       |     1 ||     2
       Sticks to Snakes  |     2 |    10 |     8 ||    20
       Spider Form       |       |     6 |     3 ||     9
       Blade Hands       |       |       |     2 ||     2
 Abil: Breathe Frost     |       |       |     5 ||     5
Evoke: Wand              |       |       |     1 ||     1
  Use: Potion            |       |     3 |     4 ||     7
       Scroll            |       |     8 |     3 ||    11
  Eat: Chunk             |     2 |     1 |     3 ||     6
       Ration            |       |     2 |     4 ||     6
Armor: Skin              |    56 |    66 |    77 ||   199
Dodge: Dodged            |   124 |   174 |   180 ||   478

Table legend:
 A = Non-vault XP
 B = Vault XP
 C = Vault XP percentage of total XP
 D = Non-vault monster count
 E = Vault monster count
 F = Vault count percentage of total count
                 A         B        C        D         E       F
            +---------+---------+-------+---------+---------+-------
      Total |    1797 |     808 |  31.0 |     116 |      62 |  34.8
            +---------+---------+-------+---------+---------+-------
        D:1 |      49 |       2 |   3.9 |      27 |       1 |   3.6
        D:2 |      84 |      17 |  16.8 |      24 |       7 |  22.6
        D:3 |     127 |     285 |  69.2 |      27 |       3 |  10.0
        D:4 |     262 |     264 |  50.2 |      16 |      13 |  44.8
        D:5 |     518 |       0 |   0.0 |      15 |       0 |   0.0
        D:6 |     757 |       0 |   0.0 |       7 |       0 |   0.0
    Ossuary |       0 |     240 | 100.0 |       0 |      38 | 100.0
            +---------+---------+-------+---------+---------+-------
